 Dungeon Crawl Stone Soup version 0.31.0-32-g396128a36d (webtiles) character file.

Game seed: 14382413475788416234

3012 Curundu the Cleaver (level 9, -6/81 HPs)
             Began as a Minotaur Berserker on Mar 25, 2024.
             Was a Priest of Trog.
             Mangled by a two-headed ogre
             ... wielding a +0 giant club
              (25 damage)
             ... on level 7 of the Dungeon.
             The game lasted 00:14:39 (6200 turns).

Curundu the Cleaver (Minotaur Berserker)            Turns: 6200, Time: 00:14:40

Health: -6/81      AC: 14    Str: 32    XL:     9   Next: 55%
Magic:  8/8        EV: 11    Int:  4    God:    Trog [***...]
Gold:   312        SH:  0    Dex: 10    Spells: 8/8 levels left

rFire   . . .        y - +0 war axe
rCold   . . .        (no shield)
rNeg    . . .        o - +0 chain mail
rPois   .            (helmet restricted)
rElec   .            h - +0 cloak
rCorr   .            (no gloves)
SInv    .            x - +1 pair of boots
Will    .....        r - amulet of regeneration Stlth
                     b - +6 ring of strength
HPRegen 1.13/turn    (no ring)
MPRegen 0.11/turn

%: no passive effects
@: no status effects
A: horns 2, retaliatory headbutt
a: Renounce Religion, Berserk, Trog's Hand


You were on level 7 of the Dungeon.
You worshipped Trog.
Trog was most pleased with you.
You visited 1 branch of the dungeon, and saw 7 of its levels.

You collected 312 gold pieces.

Inventory:

Hand Weapons
 y - a +0 war axe (weapon)
Missiles
 p - 4 boomerangs (quivered)
 t - 8 javelins
Armour
 h - a +0 cloak (worn)
 o - a +0 chain mail (worn)
 x - a +1 pair of boots (worn)
Jewellery
 b - a +6 ring of strength (left hand)
 r - an amulet of regeneration (around neck)
 s - a ring of positive energy
Wands
 k - a wand of iceblast (20)
Scrolls
 a - 2 scrolls of immolation
 c - 3 scrolls of identify {unknown}
 d - 5 scrolls of teleportation {unknown}
 e - 2 scrolls of fog {unknown}
 f - 2 scrolls of enchant armour {unknown}
 g - a scroll of fear {unknown}
 j - a scroll of vulnerability {unknown}
 l - a scroll of torment {unknown}
 m - a scroll of silence {unknown}
Potions
 i - a potion of might {unknown}
 n - 3 potions of lignification {unknown}
 q - 2 potions of attraction {unknown}
 u - a potion of heal wounds {unknown}
 v - a potion of brilliance {unknown}
 z - a potion of cancellation {unknown}
 A - a potion of mutation {unknown}


   Skills:
 + Level 8.1 Fighting
 + Level 11.8 Axes
 + Level 6.9 Armour
 + Level 5.1 Dodging
 + Level 1.4 Stealth


You had 8 spell levels left.
You didn't know any spells.
Your spell library was empty.

Dungeon Overview and Level Annotations

Branches:
Dungeon (7/15)             Temple (0/1) D:4

Altars:
Ashenzari
Fedhas
Makhleb
Nemelex Xobeh
Qazlal
Wu Jian

Annotations:
D:5 2 transporters


Innate Abilities, Weirdness & Mutations

You have a pair of horns on your head.
You reflexively headbutt those who attack you in melee.


Message History

Unknown command.
You slash the wyvern!
The wyvern is heavily wounded.
You hit the two-headed ogre but do no damage.
The wyvern bites you.
The two-headed ogre hits you with a +0 giant club.
The two-headed ogre closely misses you.
You hit the wyvern but do no damage. Your headbutt misses the wyvern.
The wyvern is heavily wounded.
You slash the two-headed ogre! The wyvern barely misses you.
The wyvern closely misses you.
You hit the wyvern. You headbutt the wyvern!
The wyvern is almost dead.
You hit the two-headed ogre.
The two-headed ogre hits you with a +0 giant club!!
The two-headed ogre closely misses you.
The wyvern bites you but does no damage.
You slash the wyvern!
You kill the wyvern!
Trog accepts your kill.
You barely miss the two-headed ogre. The two-headed ogre misses you.
The two-headed ogre hits you but does no damage.
You hit the two-headed ogre. You headbutt the two-headed ogre!
The two-headed ogre is heavily wounded.
Unknown command.
You barely miss the two-headed ogre.
The two-headed ogre is heavily wounded.
The two-headed ogre closely misses you. x2
You barely miss the two-headed ogre.
The two-headed ogre is heavily wounded.
You slash the two-headed ogre!
The two-headed ogre is severely wounded.
The two-headed ogre hits you with a +0 giant club!
The two-headed ogre hits you with a +0 giant spiked club.
You slash the two-headed ogre!
The two-headed ogre is almost dead.
The two-headed ogre hits you with a +0 giant club!
* * * LOW HITPOINT WARNING * * *
The two-headed ogre hits you with a +0 giant spiked club!!
You die...

#..........##..
........#.............)
........#...........)))
#......#......))..)...
##......##...##....##+#
#......<##...##....#
#......##...##....#
##.....)##..........#
#.....@..'..........#
#....O†.##...##.....+
#.......##...##.....#
##......##...# ...
#......##...# ..
#?.......#...#
#........#...#
#........#...#


You could see a two-headed ogre.

Vanquished Creatures
  The ghost of jagang the Carver, a novice HuMo of the Shining One (D:5)
  Grinder (D:3)
  Sigmund (D:3)
  A wyvern (D:7)
  Eustachio (D:5)
  Edmund (D:6)
  An ice beast (D:5)
  3 sky beasts (D:6)
  A black bear (D:6)
  An orc warrior (D:7)
  3 ogres
  3 centaurs
  A scorpion (D:5)
  A howler monkey (D:5)
  2 jellies
  3 orc priests
  3 iguanas (D:5)
  A sleepcap (D:5)
  Terence (D:3)
  Natasha (thrice) (D:3)
  3 orc wizards
  Robin (D:2)
  6 adders
  A gnoll (D:1)
  A shadow imp (D:6)
  A white imp (D:6)
  4 ufetubi
  7 ribbon worms
  5 dart slugs
  21 orcs
  15 ball pythons
  6 endoplasms
  5 giant cockroaches
  16 goblins
  12 hobgoblins
  7 jackals
  7 kobolds
  A quokka (D:1)
  2 bats
  5 frilled lizards
  9 rats
168 creatures vanquished.

Notes
Turn   | Place    | Note
-------+----------+-------------------------------------------
     0 | D:1      | Curundu the Minotaur Berserker began the quest for the Orb.
     0 | D:1      | Reached XP level 1. HP: 19/19 MP: 0/0
    68 | D:1      | Reached XP level 2. HP: 21/27 MP: 1/1
   105 | D:1      | Reached skill level 4 in Axes
   741 | D:1      | Reached XP level 3. HP: 33/33 MP: 2/2
  1027 | D:2      | Reached ** piety under Trog
  1531 | D:2      | Reached XP level 4. HP: 41/41 MP: 3/3
  1647 | D:2      | Noticed Robin
  1659 | D:2      | Killed Robin
  1660 | D:2      | Reached skill level 5 in Axes
  1802 | D:2      | Found a faded altar of an unknown god.
  2128 | D:3      | Noticed Natasha
  2132 | D:3      | Killed Natasha
  2133 | D:3      | Reached XP level 5. HP: 47/47 MP: 4/4
  2193 | D:3      | Noticed Natasha
  2201 | D:3      | Noticed Grinder
  2205 | D:3      | Killed Natasha
  2210 | D:3      | Killed Grinder
  2211 | D:3      | Reached skill level 5 in Fighting
  2211 | D:3      | Reached skill level 7 in Axes
  2211 | D:3      | Reached XP level 6. HP: 10/56 MP: 5/5
  2575 | D:3      | Noticed Sigmund
  2588 | D:3      | Killed Sigmund
  2589 | D:3      | Reached XP level 7. HP: 61/61 MP: 6/6
  2662 | D:3      | Noticed Natasha
  2668 | D:3      | Killed Natasha
  2844 | D:3      | Noticed Terence
  2852 | D:3      | Killed Terence
  2944 | D:3      | Reached skill level 8 in Axes
  3708 | D:4      | Found a staircase to the Ecumenical Temple.
  3785 | D:4      | Found a sparkling altar of Nemelex Xobeh.
  4055 | D:5      | Entered Level 5 of the Dungeon
  4090 | D:5      | Reached skill level 1 in Stealth
  4096 | D:5      | Found a broken altar of Ashenzari.
  4151 | D:5      | Found an ornate altar of the Wu Jian Council.
  4228 | D:5      | Noticed Eustachio
  4248 | D:5      | Killed Eustachio
  4249 | D:5      | Reached skill level 9 in Axes
  4319 | D:5      | Reached XP level 8. HP: 71/71 MP: 7/7
  4461 | D:5      | Reached *** piety under Trog
  4521 | D:5      | Found a runed translucent door.
  4521 | D:5      | Noticed jagang's ghost (novice HuMo)
  4561 | D:5      | Found a burning altar of Makhleb.
  4591 | D:5      | Noticed a troll
  4592 | D:5      | Noticed a hornet
  4593 | D:5      | Found a transporter.
  4593 | D:5      | Noticed a kobold demonologist
  4665 | D:5      | Found a transporter.
  5053 | D:5      | Killed jagang's ghost
  5054 | D:5      | Reached skill level 10 in Axes
  5054 | D:5      | Reached skill level 5 in Armour
  5060 | D:5      | Identified the staff of Friendship {rPois Dex+3 Stlth+
                  | Alchemy}
  5197 | D:6      | Reached XP level 9. HP: 68/79 MP: 8/8
  5307 | D:6      | Found a blossoming altar of Fedhas.
  5308 | D:6      | Found a stormy altar of Qazlal.
  5353 | D:6      | Reached skill level 5 in Dodging
  5469 | D:6      | Reached skill level 11 in Axes
  5639 | D:6      | Noticed Edmund
  5648 | D:6      | Killed Edmund
  6185 | D:7      | Noticed a two-headed ogre
  6200 | D:7      | Mangled by a two-headed ogre

Illustrated notes

Levels and vault maps discovered:
D:1:      shiori_arrival_oz, layout_basic
D:2:      layout_loops_cross, nicolae_ecumenical_snake_handling, minmay_3d_cube,
          uniq_robin
D:3:      layout_loops_corners, minmay_distorted, uniq_terence, uniq_sigmund,
          uniq_natasha, uniq_grinder
D:4:      layout_rooms, mainiacjoe_overflow_cross_hatched,
          lemuel_temple_firewalk_a, minmay_cupped
D:5:      layout_loops_corners, cheibrodos_ashenzari_chains,
          gammafunk_temple_overflow_arena, mainiacjoe_overflow_six_doors_small,
          ebering_ghost_inner_flame, uniq_eustachio
D:6:      layout_loops_corners, grunt_temple_overflow_forces_of_nature,
          dk_vineyard_2, kennysheep_generic_room_14, uniq_edmund
D:7:      layout_gridville

Skill      XL: |  1  2  3  4  5  6  7  8  9 |
---------------+----------------------------+-----
Axes           | 4 5 7 9 10 11 | 11.8
Fighting       | 4 5 6 7 8 |  8.1
Dodging        | 3 4 5 |  5.1
Stealth        | 1 |  1.4
Armour         | 3 5 6 |  6.9

Action                     |  1- 3 |  4- 6 |  7- 9 || total
---------------------------+-------+-------+-------++-------
  Melee: Hand axe          |    90 |    65 |   253 ||   408
         Headbutt          |    13 |    11 |    49 ||    73
         War axe           |       |       |    14 ||    14
 Invoke: Berserk           |     1 |     2 |     5 ||     8
         Trog's Hand       |       |     3 |     8 ||    11
   Stab: Sleeping          |       |       |     1 ||     1
 Armour: Animal skin       |    50 |    41 |    42 ||   133
         Chain mail        |       |       |   146 ||   146
  Dodge: Dodged            |    56 |    52 |   148 ||   256
